 Dungeon Crawl Stone Soup version 0.29.1-2-gbd0b4ee654 (console) character file.

Game seed: 13313548578135670043

25 MakMorn the Grave Robber (level 2, -4/19 HPs)
             Began as a Mummy Necromancer on Nov 6, 2022.
             Killed from afar by Sigmund (6 damage)
             ... with a magic dart
             ... on level 2 of the Dungeon.
             The game lasted 00:05:23 (1249 turns).

MakMorn the Grave Robber (Mummy Necromancer)        Turns: 1249, Time: 00:05:23

Health: -4/19      AC:  3    Str: 11    XL:     2   Next: 82%
Magic:  6/6        EV: 12    Int: 14    God:
Gold:   81         SH:  0    Dex: 12    Spells: 6/7 levels left

rFire   x . .      SeeInvis .   a - +0 short sword (speed)
rCold   + . .      Faith    .   (no shield)
rNeg    + + +      Spirit   .   d - +0 robe
rPois   ∞          Reflect  .   e - +0 hat
rElec   .          Harm     .   (no cloak)
rCorr   .          Rampage  .   g - +0 pair of gloves
Will    .....                   (no boots)
Stlth   ++........              (no amulet)
HPRegen 0.06/turn               (no ring)
MPRegen 0.10/turn               (no ring)

@: no status effects
A: cold resistance 1, negative energy resistance 3, torment resistance 2, heat
vulnerability 1, no potions
a: no special abilities


You were on level 2 of the Dungeon.
You visited 1 branch of the dungeon, and saw 2 of its levels.

You collected 81 gold pieces.

Inventory:

Hand Weapons
 a - a +0 short sword of speed (weapon)
 f - a +0 whip
 k - a +0 dagger
Missiles
 h - 7 stones
Armour
 d - a +0 robe (worn)
 e - a +0 hat (worn)
 g - a +0 pair of gloves (worn)
Magical Staves
 b - a staff of death
Jewellery
 n - the ring "Wuaweane" {rPois Will+ Int-5 Slay+2}
   (You found it on level 2 of the Dungeon)

   [ring of willpower]

   Int:       It affects your intelligence (-5).
   Slay:      It affects your accuracy & damage with ranged weapons and melee
   (+2).
   rPois:     It protects you from poison.
   Will:      It increases your willpower.
Scrolls
 c - a scroll of amnesia {unknown}
 i - a scroll of magic mapping {unknown}
 j - a scroll of fear {unknown}
 l - 2 scrolls of identify {unknown}
 m - a scroll of torment {unknown}


   Skills:
 + Level 1.6 Dodging
 - Level 1.5 Stealth
 + Level 3.2 Spellcasting
 + Level 4.6 Necromancy


You had 6 spell levels left.
You knew the following spells:

 Your Spells              Type           Power      Damage    Failure   Level
a - Necrotise             Necr           60%        1d7       3%          1

Your spell library contained the following spells:

 Spells                   Type           Power      Damage    Failure   Level
 Vampiric Draining        Necr           15%        2d7       10%         3
 Animate Dead             Necr           15%        N/A       30%         4
 Agony                    Necr           15%        N/A       65%         5


Dungeon Overview and Level Annotations

Branches:
Dungeon (2/15)

Altars:

Annotations:
D:2 Sigmund


Innate Abilities, Weirdness & Mutations

You are immune to poison.
Your flesh is cold resistant. (rC+)
You are immune to negative energy. (rN+++)
You are immune to unholy pain and torment.
You are vulnerable to heat. (rF-)
You do not drink.


Message History

An endoplasm comes into view.
The endoplasm moves out of view.
Found a scroll labelled OTHOANG WOEW.
Sigmund shouts!
You swap places.
Casting: Necrotise (safe; 3% risk of failure)
Confirm with . or Enter, or press ? or * to list all spells.
Aiming: Necrotise (safe; 3% risk of failure)
Press: ? - help, Shift-Dir - straight line, f - Sigmund
Aim: Sigmund, wielding a +0 scythe and wearing a +0 robe (ally target, chance to affect: 86%)
You feel a surge of power!
Sigmund writhes in agony!
Sigmund gestures at you while chanting. The puff of flame hits you.
The fire burns you terribly!
Casting: Necrotise (safe; 3% risk of failure)
Confirm with . or Enter, or press ? or * to list all spells.
Aiming: Necrotise (safe; 3% risk of failure)
Press: ? - help, Shift-Dir - straight line, f/p - Sigmund
Aim: Sigmund, wielding a +0 scythe and wearing a +0 robe (moderately wounded, ally target, chance to affect: 86%)
You feel a surge of power!
Sigmund writhes in agony.
Sigmund casts a spell at you.
You are confused.
Your rat skeleton bites Sigmund but does no damage.
Your rat skeleton bites Sigmund.
Your hands tingle!
a - a +0 short sword of speed (weapon)
Your rat skeleton crumbles into dust!
Sigmund hits you from afar with a +0 scythe.
You bump into the rock wall.
Sigmund mumbles some strange words.
Sigmund flickers and vanishes!
Deactivating autopickup; reactivate with Ctrl-A.
Something hits you!
* * * LOW HITPOINT WARNING * * *
You feel less confused. Something hits you.
* * * LOW HITPOINT WARNING * * *
Unknown command.
A magic dart appears from out of thin air!
The magic dart hits you.
You die...

..#.{...# #...###.#
###. #.# ..... #.#
##.#. #.# .#.#. #.#
##### .#.#..#.# ...#
## #..#.######.####
#.#........{...@.#
##...##.##.###.##.#
#####.......)..##)##
'.....#.#....#.....#
#######.#..!.......#
# ..#.##...###.# #
..#......# #.# #
#.#......# #.# #
#.#.#...####.##


There were no monsters in sight!

Vanquished Creatures
  An adder (D:2)
  A ball python (D:1)
  2 endoplasms
  A giant cockroach (D:1)
  2 goblins (D:2)
  2 hobgoblins (D:2)
  2 kobolds
  A quokka (D:2)
  A frilled lizard (D:1)
  A rat (D:2)
14 creatures vanquished.

Notes
Turn   | Place    | Note
-------+----------+-------------------------------------------
     0 | D:1      | MakMorn the Mummy Necromancer began the quest for the Orb.
     0 | D:1      | Reached XP level 1. HP: 13/13 MP: 4/4
   559 | D:1      | Found a faded altar of an unknown god.
   842 | D:2      | Reached XP level 2. HP: 19/19 MP: 3/5
  1018 | D:2      | Identified the ring "Wuaweane" {rPois Will+ Int-5 Slay+2}
  1141 | D:2      | Noticed Sigmund
  1249 | D:2      | Killed from afar by Sigmund

Illustrated notes

Levels and vault maps discovered:
D:1:      roderic_dead_forest, layout_basic, shapermc_ecumenical_altar_venn
D:2:      layout_basic, uniq_sigmund

Skill      XL: |  1  2 |
---------------+-------+-----
Spellcasting   | 3 |  3.2
Dodging        | |  1.6
Stealth        | |  1.5
Necromancy     | |  4.6

Action                   || total
-------------------------++-------
Melee: Dagger            ||     3
 Cast: Necrotise         ||    30
Armor: Robe              ||     1
Dodge: Dodged            ||     9
